 Dungeon Crawl Stone Soup version 0.21.1-1-g345015f (webtiles) character file.

16 n0claF the Bolt Thrower (level 2, -1/25 HPs)
             Began as a Centaur Hunter on June 25, 2018.
             Slain by a gnoll
             ... wielding a +0 spear
              (7 damage)
             ... on level 1 of the Dungeon.
             The game lasted 00:01:52 (213 turns).

n0claF the Bolt Thrower (Centaur Hunter)             Turns: 213, Time: 00:01:52

Health: -1/25      AC:  4    Str: 14    XL:     2   Next: 37%
Magic:  2/2        EV:  9    Int: 10    God:
Gold:   11         SH:  0    Dex:  9    Spells: 1/1 levels left

rFire    . . .     SeeInvis .   b - +0 short sword
rCold    . . .     Gourm    .   (no shield)
rNeg     . . .     Faith    .   c - +0 leather armour
rPois    .         Spirit   .   (no helmet)
rElec    .         Reflect  .   (no cloak)
rCorr    .         Harm     .   (no gloves)
MR       .....                  (no barding)
Stlth    +.........             (no amulet)
HPRegen  0.08/turn              (no ring)
MPRegen  0.08/turn              (no ring)

@: very quick
A: large, hooves 3, deformed body, speed 2, tough skin 3
a: no special abilities


You were on level 1 of the Dungeon.
You were not hungry.

You visited 1 branch of the dungeon, and saw 1 of its levels.

You collected 11 gold pieces.

Inventory:

Hand Weapons
 a - a +1 hand crossbow
 b - a +0 short sword (weapon)
Missiles
 d - 15 bolts
 j - 24 arrows
Armour
 c - a +0 leather armour (worn)
Jewellery
 g - an uncursed amulet of the gourmand {unknown}
   (You found it on level 1 of the Dungeon)
 h - an uncursed ring of protection from magic {unknown}
   (You found it on level 1 of the Dungeon)
Scrolls
 i - a scroll of identify {unknown}
Comestibles
 e - a ration {!d}
 f - 5 chunks of flesh


   Skills:
 + Level 2.3 Fighting
 + Level 4.6 Crossbows
 + Level 1.7 Dodging
 - Level 0.4 Stealth


You had one spell level left.
You didn't know any spells.

Dungeon Overview and Level Annotations

Branches:
Dungeon (1/15)

Altars:


Innate Abilities, Weirdness & Mutations

You have hooves in place of feet.
Armour fits poorly on your strangely shaped body.
You cover ground very quickly.
You have extremely tough skin. (AC +3)


Message History

You hit the gnoll but do no damage. The gnoll hits you with a spear!
* * * LOW HITPOINT WARNING * * *
The gnoll hits you but does no damage.
a - a +1 hand crossbow (weapon)
You are too injured to fight recklessly!
Aim: a gnoll, wielding a spear You shoot a bolt.
The bolt barely misses the gnoll.
Aim: a gnoll, wielding a spear You shoot a bolt.
The bolt barely misses the gnoll.
You see here a rat skeleton.
Aim: a gnoll, wielding a spear You shoot a bolt.
The bolt closely misses the gnoll.
Aim: a gnoll, wielding a spear You shoot a bolt.
The bolt hits the gnoll.
The gnoll hits you from afar with a spear.
* * * LOW HITPOINT WARNING * * *
Okay, then.
A ball python comes into view.
The ball python hisses angrily.
Aim: a gnoll, wielding a spear (lightly wounded)
You shoot a bolt. The bolt barely misses the gnoll.
The ball python closely misses you. The ball python bites you.
* * * LOW HITPOINT WARNING * * *
A bat comes into view.
The ball python closely misses you. The bat hits you but does no damage. x2
The bat hits you but does no damage. The bat hits you but does no damage.
The bat completely misses you. The bat hits you but does no damage.
b - a +0 short sword (weapon)
The bat barely misses you. The bat hits you but does no damage.
The bat closely misses you.
You completely miss the bat. The bat barely misses you.
You puncture the ball python!
You kill the ball python!
The bat barely misses you.
Your leather armour prevents you from hitting the bat.
Your kick misses the bat. The bat hits you but does no damage.
The gnoll barely misses you. The bat hits you.
* * * LOW HITPOINT WARNING * * *
The bat hits you but does no damage. The gnoll barely misses you.
The bat hits you but does no damage. The bat hits you but does no damage.
The bat barely misses you.
The gnoll hits you from afar with a spear!
You die...

####### ##.....##
##.......## #.........#
#......g..# #........b#
#........@# #.........#
########.........# ####
.......#.........###....
......^#....(....#...#
..(....#...........#
...................#
.......#..#.#.#.#..#
..........#.###.#..#


You could see a gnoll and a bat.

Vanquished Creatures
  2 oozes (D:1)
  A bat (D:1)
  2 giant cockroaches (D:1)
  2 ball pythons (D:1)
  A rat (D:1)
8 creatures vanquished.

Notes
Turn   | Place    | Note
-------+----------+-------------------------------------------
     0 | D:1      | n0claF the Centaur Hunter began the quest for the Orb.
     0 | D:1      | Reached XP level 1. HP: 17/17 MP: 1/1
    42 | D:1      | Reached XP level 2. HP: 16/24 MP: 2/2
   213 | D:1      | Slain by a gnoll

Action                   || total
-------------------------++-------
Melee: Short sword       ||    25
       Kick              ||     3
 Fire: Hand crossbow     ||     5
Armor: Leather armour    ||    21
Dodge: Dodged            ||    19
